 Dungeon Crawl Stone Soup version 0.20.1-1-g8b1a95d (webtiles) character file.

191 Yousuki the Skirmisher (level 5, 0/48 HPs)
             Began as a Minotaur Berserker on Oct 24, 2017.
             Was a Priest of Trog.
             Killed by nerve-wracking pain
             ... invoked by an orc priest
              (8 damage)
             ... on level 3 of the Dungeon.
             The game lasted 00:14:41 (1719 turns).

Yousuki the Skirmisher (Minotaur Berserker)         Turns: 1719, Time: 00:14:41

Health: 0/48       AC: 10    Str: 23    XL:     5   Next: 42%
Magic:  4/4        EV:  9    Int:  4    God:    Trog [***...]
Gold:   47         SH:  0    Dex:  9    Spells: 4/4 levels left

rFire    . . .     SeeInvis .   a - +0 spear
rCold    . . .     Gourm    .   (no shield)
rNeg     . . .     Faith    .   u - +0 chain mail
rPois    .         Spirit   .   (helmet restricted)
rElec    .         Reflect  .   g - +0 cloak
rCorr    .         Harm     .   (no gloves)
MR       .....                  (no boots)
Stlth    ..........             (no amulet)
Regen    0.2/turn               (no ring)
MPRegen  0.1/turn               (no ring)

@: no status effects
A: retaliatory headbutt, horns 2
a: Berserk, Trog's Hand, Burn Spellbooks, Renounce Religion


You were on level 3 of the Dungeon.
You worshipped Trog.
Trog was most pleased with you.
You were not hungry.

You visited 1 branch of the dungeon, and saw 3 of its levels.

You collected 47 gold pieces.

Inventory:

Hand Weapons
 a - a +0 spear (weapon)
 e - a +0 dagger
Missiles
 p - 2 tomahawks (quivered)
Armour
 b - a +0 animal skin
 f - a +0 ring mail
 g - a +0 cloak (worn)
 u - a +0 chain mail (worn)
Wands
 q - a wand of lightning (13/15)
Scrolls
 m - a scroll of identify
 o - a scroll of remove curse
 t - a scroll of enchant weapon {unknown}
Potions
 h - a potion of mutation {unknown}
 i - a potion of cancellation {unknown}
 k - a potion of heal wounds {unknown}
 l - 4 potions of curing {unknown}
Comestibles
 c - 3 bread rations
 j - 5 fruits
 n - 2 meat rations
 r - 2 royal jellies


   Skills:
 + Level 5.4 Fighting
 + Level 5.2 Polearms
 + Level 0.6 Throwing
 + Level 2.9 Armour
 + Level 2.9 Dodging
 + Level 0.5 Stealth


You had 4 spell levels left.
You didn't know any spells.

Dungeon Overview and Level Annotations

Branches:
Dungeon (3/15)

Altars:
Ru


Innate Abilities, Weirdness & Mutations

You reflexively headbutt those who attack you in melee.
You have a pair of horns on your head.


Message History

The orc priest calls upon Beogh to heal the orc priest.
The orc priest's wounds heal themselves!
The orc warrior barely misses you. The orc priest closely misses you.
You hit the orc priest.
The orc priest is moderately wounded.
The orc warrior closely misses you.
You bump into the rock wall.
You feel less invigorated.
You feel less confused.
The orc warrior hits you from afar with a trident.
You hit the orc priest. You headbutt the orc priest!
You kill the orc priest!
Trog accepts your kill.
The orc priest invokes the aid of Beogh against you.
Beogh smites you!
The orc priest hits you from afar with a trident.
The orc warrior hits you with a trident!
* * * LOW HITPOINT WARNING * * *
The orc priest calls down the wrath of Beogh upon you.
Pain shoots through your body!
You die...

..... ###........#.....#..
(o...####...........#...#.#.
o.........#.####.....#.#.##.
(o...#....####....#.#.....
....###....#.....##.####.
#o..###.#.......#######.
#....##.##.#....# ##...
#...##.o..###### #..#.
#...##@##.)########....
.#....oo###....##....##.
##.............#####.....#.....
#...............###............
#..............................
###.<............................
..................#..............
#..............................
.##...............##.............


You could see an orc warrior and 2 orc priests.

Vanquished Creatures
  An orc priest (D:3)
  2 orc wizards (D:3)
  4 gnolls (D:3)
  4 dart slugs
  A leopard gecko (D:2)
  4 orcs (D:3)
  A giant cockroach (D:1)
  9 goblins
  9 hobgoblins
  3 jackals (D:2)
  2 quokkas
  A ball python (D:1)
  8 bats
  2 frilled lizards
  4 kobolds
  9 rats
64 creatures vanquished.

Notes
Turn   | Place    | Note
-------+----------+-------------------------------------------
     0 | D:1      | Yousuki the Minotaur Berserker began the quest for the Orb.
     0 | D:1      | Reached XP level 1. HP: 19/19 MP: 0/0
    91 | D:1      | Reached XP level 2. HP: 24/27 MP: 1/1
   210 | D:1      | Reached ** piety under Trog
   748 | D:2      | Reached XP level 3. HP: 30/34 MP: 2/2
  1409 | D:3      | Reached skill level 5 in Fighting
  1414 | D:3      | Reached XP level 4. HP: 29/42 MP: 3/3
  1535 | D:3      | Found a sacrificial altar of Ru.
  1561 | D:3      | Reached skill level 5 in Polearms
  1561 | D:3      | Reached XP level 5. HP: 44/48 MP: 4/4
  1697 | D:3      | Noticed an orc warrior
  1700 | D:3      | Reached *** piety under Trog
  1719 | D:3      | Killed from afar by an orc priest

Skill      XL: |  1  2  3  4 |
---------------+-------------+-----
Fighting       | 4 5 |  5.4
Polearms       | 4 5 |  5.2
Throwing       | |  0.6
Armour         | |  2.9
Dodging        | |  2.9
Stealth        | |  0.5

Action                   |  1- 3 |  4- 6 || total
-------------------------+-------+-------++-------
Melee: Spear             |   138 |    36 ||   174
       Headbutt          |    20 |     9 ||    29
Throw: Tomahawk          |       |    14 ||    14
  Use: Scroll            |     5 |       ||     5
       Potion            |       |     1 ||     1
 Stab: Sleeping          |     1 |       ||     1
  Eat: Chunk             |     1 |     2 ||     3
Armor: Animal skin       |     5 |       ||     5
       Ring mail         |    20 |     7 ||    27
       Chain mail        |       |     2 ||     2
Dodge: Dodged            |    39 |    17 ||    56
